 Dungeon Crawl Stone Soup version 0.30.0-5-g1a98f26d00 (webtiles) character file.

Game seed: 6208956436410255106

56 jimonade the Sneak (level 4, 0/27 HPs)
             Began as a Kobold Brigand on May 11, 2023.
             Slain by an orc wizard
             ... wielding a +0 dagger
              (4 damage)
             ... on level 3 of the Dungeon.
             The game lasted 00:03:11 (1445 turns).

jimonade the Sneak (Kobold Brigand)                 Turns: 1445, Time: 00:03:12

Health: 0/27       AC:  3    Str:  8    XL:     4   Next: 15%
Magic:  4/4        EV: 14    Int: 12    God:
Gold:   35         SH:  0    Dex: 18    Spells: 3/3 levels left

rFire   . . .        a - +2 dagger
rCold   . . .        (no shield)
rNeg    . . .        r - +0 robe
rPois   .            (no helmet)
rElec   .            c - +0 cloak
rCorr   .            (no gloves)
SInv    .            (no boots)
Will    .....        (no amulet)
Stlth   +++++        (no ring)
HPRegen 0.24/turn    (no ring)
MPRegen 0.09/turn

%: no passive effects
@: no status effects
A: small, no large weapons, nightstalker 3
a: no special abilities


You were on level 3 of the Dungeon.
You visited 1 branch of the dungeon, and saw 3 of its levels.

You collected 65 gold pieces.
You spent 30 gold pieces at shops.

Inventory:

Hand Weapons
 a - a +2 dagger (weapon)
 b - a +2 sling of flaming
 i - a +0 short sword
 q - a +0 dagger of flaming
Missiles
 d - 13 poisoned darts (quivered)
 e - 3 curare-tipped darts
 o - 2 javelins
Armour
 c - a +0 cloak (worn)
 h - a +0 ring mail
 p - a +0 leather armour
 r - a +0 robe (worn)
Scrolls
 g - 5 scrolls of teleportation
 k - a scroll of vulnerability
 n - a scroll of immolation
 t - a scroll of fear {unknown}
Potions
 f - a potion of magic
 j - a potion of brilliance
 l - 5 potions of curing
 m - a potion of haste {unknown}
 s - 2 potions of heal wounds {unknown}


   Skills:
 + Level 2.3 Fighting
 + Level 3.3 Short Blades
 + Level 2.1 Throwing
 + Level 1.2 Dodging
 + Level 7.1 Stealth


You had 3 spell levels left.
You didn't know any spells.
Your spell library contained the following spells:

 Spells                   Type           Power      Damage    Failure   Level
 Apportation              Tloc           0%         N/A       32%         1
 Necrotise                Necr           0%         1d4       32%         1
 Summon Small Mammal      Summ           0%         N/A       32%         1
 Poisonous Vapours        Pois/Air       0%         N/A       45%         2
 Gell's Gravitas          Tloc           0%         N/A       69%         3
 Mephitic Cloud           Conj/Pois/Air  0%         N/A       69%         3
 Teleport Other           Tloc           0%         N/A       69%         3
 Freezing Cloud           Conj/Ice/Air   0%         6-21      100%        5
 Dispersal                Tloc           0%         N/A       100%        6


Dungeon Overview and Level Annotations

Branches:
Dungeon (3/15)

Altars:
Uskayaw

Shops:
D:2 ?


Innate Abilities, Weirdness & Mutations

You are small and have problems with some larger weapons.
You are completely attuned to the shadows.


Message History

An orc comes into view. It is wielding a +0 club. x2
You barely miss the orc wizard.
The orc shouts!
You hear a shout! x2
The orc attacks as you move away! The orc hits you with a +0 dagger.
The orc wizard gestures at you while chanting.
You are confused.
The orc wizard attacks as you move away!
The orc wizard barely misses you. The orc attacks as you move away!
The orc hits you with a +0 dagger.
The orc wizard points at you and mumbles some strange words.
The magic dart hits you!
You are too confused!
You bump into the rock wall.
The orc closely misses you. The orc attacks as you move away!
The orc hits you with a +0 dagger.
An orc comes into view. It is wielding a +0 hand axe.
The orc wizard gestures wildly while chanting.
The orc wizard flickers and vanishes!
Deactivating autopickup; reactivate with Ctrl-A.
An orc priest comes into view. It is wielding a +0 club.
There is a stone staircase leading up here.
The orc shouts!
You hear a shout!
The orc barely misses you. The orc attacks as you move away!
The orc misses you.
You feel less confused. The orc misses you.
You can't go up here!
You hit the orc.
The orc is lightly wounded.
The orc barely misses you. The orc misses you.
You hit the orc.
The orc is heavily wounded.
The orc closely misses you. The orc priest hits you with a +0 club.
Something hits you but does no damage. The orc closely misses you.
You hit the orc.
The orc is severely wounded.
The orc priest invokes the aid of Beogh against you.
Beogh smites you!
* * * LOW HITPOINT WARNING * * *
Something hits you.
You die...

.## #
#..#####.#
....o@.#.#
....ooo..#
######.###
...#o#
#..#
..o..#
.#.#..
.....## #.
.#.


You could see an orc priest and 4 orcs.

Vanquished Creatures
  An adder (D:2)
  2 dart slugs
  2 bats
  6 endoplasms
  2 giant cockroaches (D:1)
  3 goblins
  2 hobgoblins
  5 kobolds
  3 quokkas (D:1)
  5 ball pythons
  3 frilled lizards
  4 rats (D:1)
38 creatures vanquished.

Notes
Turn   | Place    | Note
-------+----------+-------------------------------------------
     0 | D:1      | jimonade the Kobold Brigand began the quest for the Orb.
     0 | D:1      | Reached XP level 1. HP: 12/12 MP: 1/1
   117 | D:1      | Reached XP level 2. HP: 11/17 MP: 2/2
   249 | D:1      | Reached skill level 6 in Stealth
   364 | D:1      | Reached XP level 3. HP: 21/21 MP: 3/3
   413 | D:1      | Found a hide-covered altar of Uskayaw.
   594 | D:1      | Found a faded altar of an unknown god.
   963 | D:2      | Reached XP level 4. HP: 27/27 MP: 4/4
  1071 | D:2      | Reached skill level 7 in Stealth
  1161 | D:2      | Found Vaett's Magic Scroll Boutique.
  1166 | D:2      | Bought a scroll of teleportation for 30 gold pieces
  1445 | D:3      | Slain by an orc wizard

Illustrated notes

Levels and vault maps discovered:
D:1:      giann_forest_graveyard, layout_rooms,
          shapermc_ecumenical_altar_flowoftime, minmay_hexomino_r4
D:2:      layout_rooms, serial_shops, nicolae_shop_tiny_statue_garden
D:3:      layout_basic, hex_large

Skill      XL: |  1  2  3  4 |
---------------+-------------+-----
Short Blades   | 3 |  3.3
Stealth        | 6 7 |  7.1
Fighting       | |  2.3
Throwing       | |  2.1
Dodging        | |  1.2

Action                     |  1- 3 |  4- 6 || total
---------------------------+-------+-------++-------
  Melee: Dagger            |    60 |    11 ||    71
         Punch             |     1 |       ||     1
    Use: Scroll            |       |     5 ||     5
   Stab: Sleeping          |    20 |     3 ||    23
         Distracted        |     1 |       ||     1
 Armour: Robe              |     8 |     2 ||    10
  Dodge: Dodged            |    23 |    10 ||    33
